 Dungeon Crawl Stone Soup version 0.28-a0-751-gef3a642a4e (webtiles) character file.

Game seed: 8388432720112148569

42 avis the Insei (level 3, -1/28 HPs)
             Began as a Djinni Warper on Oct 31, 2021.
             Slain by a white imp (7 damage)
             ... summoned by Natasha
             ... on level 3 of the Dungeon.
             The game lasted 00:04:42 (1307 turns).

avis the Insei (Djinni Warper)                      Turns: 1307, Time: 00:04:44

Health: -1/28      AC:  3    Str: 10    XL:     3   Next: 77%
Gold:   33         EV: 11    Int: 15    God:
                   SH:  0    Dex: 12

rFire   + + .      SeeInvis .     - Unarmed
rCold   x . .      Faith    .   (no shield)
rNeg    . . .      Spirit   .   a - +0 leather armour
rPois   ∞          Reflect  .   (no helmet)
rElec   .          Harm     .   (no cloak)
rCorr   .          Rampage  .   (no gloves)
Will    .....                   (boots unavailable)
Stlth   +.........              (no amulet)
HPRegen 0.09/turn               (no ring)
MPRegen 0.00/turn               (no ring)

@: flying, slowed, very slow
A: sickness immunity, fire resistance 2, cold vulnerability 1, float, innate
caster, hp casting, extra vitality 1
a: no special abilities


You were on level 3 of the Dungeon.
You visited 1 branch of the dungeon, and saw 3 of its levels.

You collected 33 gold pieces.

Inventory:

Missiles
 c - 5 boomerangs of dispersal (quivered)
 d - 105 stones
 e - 17 sling bullets
 h - 16 arrows
Armour
 a - a +0 leather armour (worn)
 i - a +0 buckler
Scrolls
 b - a scroll of blinking
Potions
 f - a potion of flight {unknown}
 g - a potion of mutation {unknown}


   Skills:
 - Level 2.0 Fighting
 - Level 0.7 Throwing
 - Level 1.0 Armour
 - Level 2.1 Dodging
 * Level 3.8 Unarmed Combat
 - Level 2.4 Spellcasting


You couldn't memorise any spells.
You knew the following spells:

 Your Spells              Type           Power      Damage    Failure   Level
a - Animate Skeleton      Necr           18%        N/A       11%         1
b - Blink                 Tloc           18%        N/A       16%         2
g - Gell's Gravitas       Tloc           4%         N/A       32%         3
k - Lesser Beckoning      Tloc           9%         N/A       32%         3
o - Teleport Other        Tloc           9%         N/A       32%         3
M - Manifold Assault      Tloc           9%         N/A       96%         5
Your spell library was empty.

Dungeon Overview and Level Annotations

Branches:
Dungeon (3/15)

Altars:

Annotations:
D:2 Terence
D:3 Natasha


Innate Abilities, Weirdness & Mutations

You are immune to sickness and miasma.
You are immune to poison.
Your flesh is very heat resistant. (rF++)
You are vulnerable to cold. (rC-)
You float through the air rather than walking.
You learn spells naturally, not from books.
Your magical power is your life essence.
You have superior vitality. (+4 HP)


Message History

You kill the kobold!
You see here a +0 club.
You start resting.
HP restored.
A kobold and Terence come into view.
There is a stone staircase leading down here.
You fly downwards.
Found 21 arrows.
There is a stone staircase leading up here.
The endoplasm quivers.
Natasha stares at you and mumbles some strange words.
You feel yourself slow down.
You completely miss the endoplasm. The endoplasm barely misses you.
You hit the endoplasm.
The endoplasm is moderately wounded.
The endoplasm hits you.
Natasha mumbles some strange words.
The endoplasm barely misses you.
You hit the endoplasm.
The endoplasm is severely wounded.
Natasha mumbles some strange words.
The endoplasm barely misses you.
You hit the endoplasm.
You kill the endoplasm!
Natasha closely misses you. The iron imp closely misses you.
You hit Natasha but do no damage. Natasha claws you!
The white imp gestures at you. The puff of frost misses you.
The iron imp hits you. Natasha barely misses you.
You closely miss Natasha. The white imp hits you. The white imp freezes you!
You feel a terrible chill!
* * * LOW HITPOINT WARNING * * *
Natasha claws you but does no damage. The iron imp completely misses you.
The white imp barely misses you.
You hit Natasha.
Natasha is heavily wounded.
Natasha mumbles some strange words.
The white imp hits you.
* * * LOW HITPOINT WARNING * * *
The white imp freezes you!
You feel a terrible chill!
You die...

##### # .. #....# ..
#....#....########...
#....#....#..........
............55.......
.........(..5@.......
............h#####...
.............#
........#.####
.......<..#
........### ###.....+
#.....# #.....#


You could see an iron imp (summoned), Natasha, a crimson imp (summoned) and a
white imp (summoned).

Vanquished Creatures
  2 adders (D:2)
  A dart slug (D:2)
  2 ball pythons
  A bat (D:1)
  3 endoplasms
  A giant cockroach (D:1)
  A goblin (D:1)
  4 hobgoblins
  A quokka (D:1)
  2 kobolds
18 creatures vanquished.

Notes
Turn   | Place    | Note
-------+----------+-------------------------------------------
     0 | D:1      | avis the Djinni Warper began the quest for the Orb.
     0 | D:1      | Reached XP level 1. HP: 18/18 MP: 0/0
   226 | D:1      | Reached XP level 2. HP: 23/23 MP: 0/0
   402 | D:1      | Found a faded altar of an unknown god.
   463 | D:1      | Reached skill level 3 in Unarmed Combat
   885 | D:2      | Reached XP level 3. HP: 22/28 MP: 0/0
   885 | D:2      | Learned a level 1 spell: Animate Skeleton
  1268 | D:2      | Noticed Terence
  1292 | D:3      | Noticed Natasha
  1307 | D:3      | Slain by a white imp

Illustrated notes

Levels and vault maps discovered:
D:1:      sevenhm_arrival_forest_fort_large_4, layout_basic,
          ebering_ecumenical_altar_rust, kennysheep_boxes
D:2:      layout_loops_ring, serial_aquarium, aquarium_bridge_square
          [aquarium_subvault_bridge, aquarium_subvault_window,
          aquarium_subvault_window, aquarium_subvault_window],
          aquarium_window_corridor_2, aquarium_window_2, aquarium_window_1,
          aquarium_window_1, aquarium_view_2f, aquarium_balcony_3a, uniq_terence
D:3:      layout_basic, serial_shops, nicolae_shop_crystal,
          ebering_ghost_sewer_d, uniq_natasha

Skill      XL: |  1  2 |
---------------+-------+-----
Unarmed Combat | 3 |  3.8
Fighting       | |  2.0
Throwing       | |  0.7
Armour         | |  1.0
Dodging        | |  2.1
Spellcasting   | |  2.4

Action                   || total
-------------------------++-------
Melee: Unarmed           ||    80
       Punch             ||     2
 Cast: Animate Skeleton  ||     1
Armor: Leather armour    ||    15
Dodge: Dodged            ||    47

Table legend: (Time is in decaauts)
 A = Elapsed time spent in this place.
 B = Non-inter-level travel time spent in this place.
 C = Inter-level travel time spent in this place.
 D = Time resting spent in this place.
 E = Time spent auto-exploring this place.
 F = Levels seen in this place.
 G = Mean time per level.
                   A        B        C        D        E       F      G
               +--------+--------+--------+--------+--------+-----+--------+
         Total |   1306 |   1216 |     90 |    378 |    583 |   3 |  435.3 |
       Dungeon |   1306 |   1216 |     90 |    378 |    583 |   3 |  435.3 |
               +--------+--------+--------+--------+--------+-----+--------+

Top non-repeatable levels by time:
     D:1: 939 daAuts
     D:2: 348 daAuts
     D:3: 18 daAuts
